[Event "*** Qualifier 2: Titled Tuesday 3|2 Blitz"]
[Site "Chess.com"]
[Date "2017.04.11"]
[Round "1"]
[White "tihanaivekovic223"]
[Black "Lector118"]
[Result "0-1"]
[WhiteElo "2027"]
[BlackElo "2403"]
[TimeControl "180+2"]
[EndTime "13:10:26 PDT"]
[Termination "Lector118 won by resignation"]

1. e4 c5 2. Nf3 d6 3. d4 cxd4 4.
Nxd4 Nf6 5. Nc3 Nc6 6. g3 e6 7.
Bg2 Bd7 8. O-O Be7 9. Nb3 O-O 10.
f4 a5 11. Kh1 a4 12. Nd4 Nxd4 13. Qxd4 Bc6 14. Be3 Qa5 15. a3 Rfd8 16. Na2 Nd7 17. Nb4 Nc5 18. Bd2 Qc7 19. Rae1 Be8 20. Qe3 Bf6 21.
e5 Be7 22. Bc3 d5 23. Bd4 Ne4 24. c3 Bb5 25. Bxe4 Bxf1 26. Bxh7+ Kxh7 27. Rxf1 Qd7 28. g4 Rh8 29. f5 Kg8 30. f6 Bf8 31. Qg5 g6 32.
Nd3 Bh6 33. Qh4 Rc8 34. g5 Bf8 35. Qg4 Qb5 36. Qe2 Rc4 37. Rf4 Qb3 38. Qd2 Rh5 39.
Rg4 Qa2 40. Nf4 Rh7 41. Rg1 Bxa3 42. Qd3 Qxb2 43. h3 Qb5 44. Nxg6 fxg6 45. Qxg6+ Kh8 46. Rg3 Qd7 47. Rf3 Qf7 48. Qc2 Qh5 49. Qe2 Rf7 50. Qg2 Qg6 51. h4 Bc1 52. Rh3 a3 53. Qa2 Qe4+ 54. Kh2 Qf4+ 55. Kg2 Qe4+ 56. Kh2 Bf4+ 57. Kg1 Rxd4 58. cxd4 Qxd4+ 59. Kg2 Rc7 60. f7 Qe4+ 61. Rf3 Rxf7 62. Qxa3 Bxe5 63. g6 Qxf3+ 64. Qxf3 Rxf3 65. Kxf3 Kg7 0-1

[Event "*** Qualifier 2: Titled Tuesday 3|2 Blitz"]
[Site "Chess.com"]
[Date "2017.04.11"]
[Round "1"]
[White "TomsKantans"]
[Black "MorpheusPro"]
[Result "1/2-1/2"]
[WhiteElo "2448"]
[BlackElo "2156"]
[TimeControl "180+2"]
[EndTime "13:10:28 PDT"]
[Termination "Game drawn by repetition"]

1. e4 c6 2. d4 d5 3. e5 Bf5 4. Nf3 e6 5. Be2 h6 6. O-O Ne7 7. Nbd2 Bh7 8. Nb3 Ng6 9. a4 Nd7 10.
a5 a6 11. Be3 Nh4 12. Nxh4 Qxh4 13. c3 Qd8 14. Bh5 Be7 15. Qf3 O-O 16. Qg3 Bh4 17. Qh3 Bf5 18. Bg4 Bd3 19. Rfe1 Bc2 20. Nd2 Bg5 21. f4 Bh4 22. g3 Be7 23. f5 exf5 24.
Bxf5 Bxf5 25. Qxf5 Bg5 26. Nf3 Bxe3+ 27. Rxe3 Qe7 28.
Rf1 Rae8 29. h4 Qe6 30. Qh5 f6 31. Rfe1 fxe5 32. Nxe5 Nf6 33. Qg6 Ne4 34. Qxe6+ Rxe6 35. Nd3 Rfe8 36. Kg2 R6e7 37. Nf2 Kf7 38. Nxe4 Rxe4 39. Rxe4 dxe4 40. Kf2 Re6 41. Ke3 Rg6 42. Rg1 Rg4 43. Rf1+ Ke7 44. Rf4 Rxg3+ 45. Kxe4 Rg2 46. b4 Rg3 47. c4 Rb3 48. Rg4 Kf7 49. Rf4+ Ke7 50. Rg4 Kf7 51. Rf4+ Ke7 52. Rg4 Kf6 53. Rf4+ Ke7 54.
Rg4 Kf6 55. Rf4+ Ke7 1/2-1/2

[Event "*** Qualifier 2: Titled Tuesday 3|2 Blitz"]
[Site "Chess.com"]
[Date "2017.04.11"]
[Round "1"]
[White "ChristopherYoo"]
[Black "Rodalquilar"]
[Result "0-1"]
[WhiteElo "2272"]
[BlackElo "2538"]
[TimeControl "180+2"]
[EndTime "13:10:40 PDT"]
[Termination "Rodalquilar won by resignation"]

1. e4 e5 2. Nf3 Nc6 3. Bb5 a6 4. Ba4 Nf6 5. O-O Be7 6. Re1 b5 7. Bb3 d6 8. c3 O-O 9. h3 Na5 10. Bc2 d5 11. exd5 e4 12. Bxe4 Nxe4 13. Rxe4 Bb7 14.
d4 Re8 15. Bf4 Nc4 16. b3 Nb6 17. Re1 Nxd5 18. Bh2 Bd6 19. Rxe8+ Qxe8 20. Bxd6 cxd6 21. Qd2 Qe4 22. Na3 Nf4 23. Qe3 Qf5 24. Re1 h6 25.
Nh4 Qg5 26. Qg3 Rc8 27. Re3 Nd5 28. Qxg5 hxg5 29. Nf5 Rxc3 30. Rxc3 Nxc3 31. Nxd6 Bd5 32. Nf5 Be6 33. Ne7+ Kf8 34. Nc6 Nxa2 35. Nb8 Nb4 36. Nb1 Bd5 37. Nc3 Bxb3 38. Nd7+ Ke7 39. Nc5 Bc4 40.
Nb7 Nd5 41. Ne4 f6 42. Nec5 b4 43. Na5 Bb5 44. f3 Kd6 45. Kf2 Kc7 46. Ke1 Kb6 47.
Nab3 a5 48. Kd2 a4 49. Nc1 a3 50. Kc2 Bc4 51. N1b3 Kb5 52. Ne4 Ne3+ 53. Kd2 Bxb3 54.
Kxe3 a2 55. Nd2 Bd5 56. Ne4 Bxe4 57. fxe4 a1=Q 0-1

[Event "*** Qualifier 2: Titled Tuesday 3|2 Blitz"]
[Site "Chess.com"]
[Date "2017.04.11"]
[Round "1"]
[White "silverback96"]
[Black "oskariot"]
[Result "1-0"]
[WhiteElo "2070"]
[BlackElo "2392"]
[TimeControl "180+2"]
[EndTime "13:10:41 PDT"]
[Termination "silverback96 won by resignation"]

1. d4 Nf6 2. c4 g6 3. g3 Bg7 4. Bg2 O-O 5. Nc3 d6 6. Nf3 Nc6 7. O-O Bg4 8. Ne1 Qd7 9. Nc2 Bh3 10.
b3 Bxg2 11. Kxg2 d5 12. Bb2 e6 13. e3 dxc4 14. bxc4 Na5 15. c5 Nc4 16. Rb1 e5 17. Qd3 exd4 18. Qxc4 dxc3 19. Bxc3 Qc6+ 20. f3 b6 21. e4 bxc5 22. Nd4 Qd6 23. Nb3 Nd7 24. Rfd1 Qe7 25. Bxg7 Kxg7 26. Rd5 Nb6 27. Qc3+ Kg8 28. Rxc5 Na4 29. Qe5 Qxe5 30. Rxe5 Rfd8 31. Rc1 Rd7 32. h4 Rb8 33. h5 Nb2 34. Nc5 Rd2+ 35. Kh3 Nd3 36. Nxd3 Rxd3 37. Rxc7 Rxf3 38. hxg6 hxg6 39. Rxa7 Rb2 40. Kg4 Re3 41. Kf4 Re1 42. Ree7 Rf2+ 43. Kg5 Kg7 44. g4 Re3 45. e5 Kg8 46. a4 Re4 47. e6 Re5+ 48. Kh4 Rxe6 49. Rxe6 fxe6 50. Kg5 Rg2 51. a5 e5 52. a6 Kf8 53. Ra8+ Kg7 54. Ra7+ Kf8 55. Kf6 Ke8 56. Rg7 Kf8 57. Ra7 Kg8 58.
Re7 Rxg4 59. a7 Rf4+ 60. Kxe5 Rf8 61. Kd6 g5 62. Kc7 g4 63. Kb7 g3 64. a8=Q Rxa8 1-0

[Event "*** Qualifier 2: Titled Tuesday 3|2 Blitz"]
[Site "Chess.com"]
[Date "2017.04.11"]
[Round "1"]
[White "JoachimBN"]
[Black "hermionegrangermagic"]
[Result "0-1"]
[WhiteElo "2532"]
[BlackElo "2309"]
[TimeControl "180+2"]
[EndTime "13:10:43 PDT"]
[Termination "hermionegrangermagic won by resignation"]

1. c4 e6 2. Nf3 d5 3. b3 Nf6 4. g3 Be7 5. Bg2 O-O 6. O-O d4 7.
e3 c5 8. exd4 cxd4 9. Re1 Nc6 10.
a3 a5 11. Ne5 Nxe5 12. Rxe5 Bd6 13.
Rb5 Qc7 14. Bb2 e5 15. d3 Rb8 16. b4 axb4 17. axb4 Bd7 18. Na3 Bxb5 19. Nxb5 Qd8 20. Qb3 Be7 21. Re1 Nd7 22. c5 Kh8 23. f4 exf4 24. gxf4 Bh4 25. Rf1 Bf6 26. Qc4 Qe7 27. Be4 Rbd8 28. Nd6 b6 29. Ba3 bxc5 30. bxc5 Nb8 31.
Nb7 Rc8 32. Nd6 Rc7 33. Nb5 Rcc8 34. c6 Qe8 35. Bxf8 Qxf8 36. c7 Na6 37. Bb7 Nxc7 38. Nxc7 Rb8 39. Qc6 Qe7 40. Qe4 Qxc7 41. Bd5 Rd8 42.
Bc4 h6 43. Rb1 Qd7 44. Qg2 Qe7 45. Kh1 Re8 46. h3 Qc7 47. Rf1 g6 48. Qd5 Kg7 49. Qg2 Re3 50. Rf3 Re1+ 51. Rf1 Re3 52. Bd5 h5 53. Be4 h4 54. Rf3 Qc1+ 55. Rf1 Qc8 56.
f5 g5 57. Bf3 Qc7 58. Qg4 Qg3 59. Qxg3 hxg3 60. Be4 Be5 61. Rf3 Re2 62. Kg1 Rh2 63. f6+ Kh6 64. Rf5 Bf4 65. Rd5 Be3+ 66. Kf1 Rf2+ 67.
Ke1 g2 68. Bxg2 Rxg2 69. Rd8 Kg6 0-1

[Event "*** Qualifier 2: Titled Tuesday 3|2 Blitz"]
[Site "Chess.com"]
[Date "2017.04.11"]
[Round "1"]
[White "FairChess_on_YouTube"]
[Black "TheNextLevelFan"]
[Result "1-0"]
[WhiteElo "2715"]
[BlackElo "2379"]
[TimeControl "180+2"]
[EndTime "13:10:44 PDT"]
[Termination "FairChess_on_YouTube won by resignation"]

1. Nf3 Nf6 2. c4 e6 3. g3 d5 4.
Bg2 Be7 5. O-O O-O 6. d4 dxc4 7.
Qc2 a6 8. a4 Bd7 9. Qxc4 Bc6 10. Rd1 Nbd7 11. Nc3 Nb6 12. Qd3 Bb4 13. a5 Nbd5 14. Ne5 Bd7 15. Bg5 Be7 16. Bxf6 Bxf6 17. Bxd5 exd5 18. Nxd5 Bxe5 19. dxe5 Be6 20. Qf3 Bxd5 21.
Rxd5 Qe7 22. Rad1 c6 23. Rd7 Qxe5 24. Rxb7 Qxa5 25. Qxc6 Rac8 26. Qd6 h6 27. Qd2 Qe5 28. e3 a5 29. Qd4 Rc5 30. Qxe5 Rxe5 31. Rdd7 Rf5 32.
g4 Rg5 33. f3 h5 34. h4 Re5 35. Kf2 hxg4 36. fxg4 g6 37. Kf3 Kg7 38. e4 Re6 39. g5 Kg8 40. b3 Re5 41. Rd5 Rfe8 42. Rxe5 Rxe5 43. Ke3 Rc5 44. Kd4 Rc2 45. Rb5 Ra2 46.
Rb8+ Kg7 47. Ra8 Rb2 48. Kc3 Re2 49. Rxa5 Rxe4 50. Ra4 Re3+ 51. Kb2 f5 52. gxf6+ Kxf6 53. Rc4 Ke5 54. Ka3 Kd5 55. Rg4 Re6 56. Ka4 Kc6 57.
Ka5 Kb7 58. b4 Re5+ 59. b5 Rh5 60. Re4 g5 61. Re7+ Kc8 62. hxg5 Rxg5 63. Ka6 Rg1 64.
Re8+ Kd7 65. Rh8 Kc7 66. b6+ Kc6 67. Rc8+ Kd7 68. Rc7+ Kd8 69. Kb7 Rb1 70. Rc2 Ra1 71. Rd2+ Ke7 72. Kc7 Rc1+ 73. Kb8 Rb1 74. b7 Ke8 75.
Rd5 Ke7 76. Kc7 Rc1+ 77. Kb6 Rb1+ 78. Rb5 1-0

[Event "*** Qualifier 2: Titled Tuesday 3|2 Blitz"]
[Site "Chess.com"]
[Date "2017.04.11"]
[Round "1"]
[White "Marcus_Harvey"]
[Black "rpragchess"]
[Result "1-0"]
[WhiteElo "2497"]
[BlackElo "2176"]
[TimeControl "180+2"]
[EndTime "13:10:44 PDT"]
[Termination "Marcus_Harvey won by resignation"]

1. Nf3 f6 2. d4 g6 3. e4 Bg7 4. c4 e6 5. Nc3 Ne7 6. Be2 O-O 7. O-O Kh8 8. Re1 d5 9. cxd5 exd5 10.
e5 Bg4 11. exf6 Bxf6 12. Bh6 Bg7 13. Bxg7+ Kxg7 14. Ne5 Bxe2 15. Qxe2 Nf5 16. Qb5 Nxd4 17. Qxb7 Nd7 18. Qxd5 Nf6 19. Qxd8 Raxd8 20. Rad1 c5 21. f3 Rfe8 22. Kf2 Rf8 23. Nc4 Rf7 24. h3 Rb8 25.
b3 Rbf8 26. Ne5 Re7 27. Nd3 Rc7 28. Nf4 Rd8 29. Ne6+ Nxe6 30. Rxe6 Rxd1 31. Nxd1 Kf7 32. Ra6 Rd7 33. Nc3 Rd2+ 34. Ke3 Rxg2 35. Rxa7+ Ke6 36. Ra6+ Ke7 37. Rc6 Nd7 38. Nd5+ Kd8 39. Rd6 Ke8 40. Re6+ Kd8 41. Ra6 Kc8 42. Ra7 Rh2 43. Nf4 Nf6 44.
Rf7 Nd7 45. Rxh7 g5 46. Ne6 Rxa2 47. Nxg5 Ra3 48. Ne4 Rxb3+ 49. Kf4 Rb6 50. Rh8+ Kc7 51. Ra8 c4 52. h4 Rc6 53. Ra7+ Kd8 54. Nc3 Ke7 55.
h5 Ke8 56. Kg3 Nf6 57. Ra5 Kf7 58. Kf4 Kg7 59. Kg5 Nh7+ 60. Kg4 Kh6 61. f4 Nf6+ 62. Kh4 Nh7 63. Re5 Nf6 64. Rg5 Nh7 65.
Rg1 Nf6 66. Rg6+ Kh7 67. Nd5 Nxd5 68. Rxc6 c3 69. Kg5 1-0

[Event "*** Qualifier 2: Titled Tuesday 3|2 Blitz"]
[Site "Chess.com"]
[Date "2017.04.11"]
[Round "1"]
[White "Winehouse83"]
[Black "Iball95"]
[Result "1-0"]
[WhiteElo "2311"]
[BlackElo "2543"]
[TimeControl "180+2"]
[EndTime "13:10:52 PDT"]
[Termination "Winehouse83 won by checkmate"]

1. d4 Nf6 2. Bf4 e6 3. e3 c5 4. c3 Nc6 5. Bd3 d5 6. Nd2 Bd6 7. Bg3 O-O 8. Ngf3 b6 9. Qe2 Bb7 10. Ne5 Ne7 11. f4 Nf5 12. Bf2 Ne4 13. Nxe4 dxe4 14.
Bb5 cxd4 15. exd4 e3 16. Bxe3 Nxe3 17. Qxe3 Bxg2 18. Rg1 Qh4+ 19. Qg3 Qxg3+ 20. hxg3 Bb7 21. Bc6 Bxc6 22. Nxc6 Rfc8 23. Ne5 b5 24. a3 a5 25.
Kd2 Rab8 26. Kd3 f6 27. Nf3 Rc6 28. Nd2 Kf7 29. Rge1 Rd8 30. Nb3 Bc7 31. Rad1 e5 32.
fxe5 fxe5 33. Rf1+ Kg8 34. Ke4 a4 35. Nc5 exd4 36.
cxd4 Bxg3 37. Rf5 g6 38. Rd5 Re8+ 39. Kd3 h5 40. Rf1 Rf8 41. Rxf8+ Kxf8 42. Ne4 Bf4 43. Rxb5 h4 44. d5 Rc1 45. Nf2 g5 46. Ke4 Ke7 47.
Nd3 Rf1 48. Rb7+ Kd6 49. Rb6+ Kd7 50. Rh6 Bc1 51. Rh7+ Kd6 52. Rh6+ Kd7 53. Rh7+ Kc8 54. d6 Bf4 55. d7+ Kc7 56. Nc5 Re1+ 57. Kf5 h3 58. Ne6+ Rxe6 59. Kxe6 g4 60. Ke7 Bg5+ 61. Ke8 Bf6 62. d8=Q+ Kc6 63. Qxf6+ Kd5 64. Qf5+ Kc4 65. Qxg4+ Kb3 66. Rxh3+ Ka2 67. Qc4+ Kb1 68. Rh1+ Kxb2 69.
Qb4+ Ka2 70. Rh2+ Ka1 71. Qb2# 1-0

[Event "*** Qualifier 2: Titled Tuesday 3|2 Blitz"]
[Site "Chess.com"]
[Date "2017.04.11"]
[Round "1"]
[White "GMMarcinDziuba"]
[Black "pedroholly22"]
[Result "1-0"]
[WhiteElo "2540"]
[BlackElo "2273"]
[TimeControl "180+2"]
[EndTime "13:11:09 PDT"]
[Termination "GMMarcinDziuba won by resignation"]

1. d4 Nf6 2. c4 e6 3. Nf3 Bb4+ 4. Nbd2 O-O 5. a3 Be7 6. e4 d5 7. e5 Nfd7 8. Bd3 c5 9. O-O Nc6 10. Qc2 g6 11. Re1 cxd4 12. cxd5 exd5 13. Nb3 Re8 14. Nbxd4 Nxd4 15. Nxd4 Bc5 16. Nf3 Qb6 17. b4 Bf8 18. Be3 Qc6 19. Qb2 Bg7 20. Bd4 Nf8 21. Rac1 Qe6 22. h3 h6 23. Rc7 Re7 24. Rc2 Bd7 25. Bc5 Ree8 26. Nd4 Bxe5 27. Rce2 Qf6 28. Bb1 Bd6 29.
Bxd6 Qxd6 30. Qd2 Kg7 31. Nf3 Rxe2 32. Rxe2 Ne6 33. Ne5 Bb5 34. Re1 Rc8 35. Qb2 d4 36. g3 Ng5 37. h4 Ne6 38. Qd2 d3 39. Ng4 g5 40. hxg5 Nxg5 41. Qb2+ f6 42. Ne3 Nf3+ 43. Kh1 Qc6 44. Rd1 Qe6 45. g4 Bc6 46. Bxd3 Rd8 47. Bc2 Rd7 48. Kg2 Nd4+ 49. Kf1 Bb5+ 50. Kg1 Nf3+ 51.
Kg2 Bc6 52. Kf1 Rxd1+ 53. Bxd1 Ne5 54. Nf5+ Kg6 55. Qd2 Nxg4 56. Bxg4 Qc4+ 57. Be2 Qd5 58. Qxd5 Bxd5 59. Ne7+ Kf7 60. Nxd5 Ke6 61. Nf4+ Ke5 62. Nd3+ Kd4 63. Kg2 Kc3 64. Kf3 Kb3 65. Kf4 Kxa3 66.
Kf5 b6 67. Kxf6 a5 68. bxa5 bxa5 69. Ke5 Kb3 70. f4 Kc3 71. Nc5 Kb4 72. Na6+ Kc3 73. Nc5 Kb4 74. Kd5 1-0

[Event "*** Qualifier 2: Titled Tuesday 3|2 Blitz"]
[Site "Chess.com"]
[Date "2017.04.11"]
[Round "1"]
[White "bilelou"]
[Black "MITerryble"]
[Result "0-1"]
[WhiteElo "2340"]
[BlackElo "2656"]
[TimeControl "180+2"]
[EndTime "13:11:31 PDT"]
[Termination "MITerryble won by resignation"]

1. e4 e6 2. d4 d5 3. Nc3 Nf6 4. Bg5 Bb4 5. exd5 Qxd5 6. Bxf6 Bxc3+ 7. bxc3 gxf6 8. Qd2 Qa5 9. Ne2 Bd7 10. Nf4 Bc6 11. c4 Qxd2+ 12. Kxd2 Ba4 13. g3 Nd7 14. Bg2 O-O-O 15. Kc3 e5 16. dxe5 fxe5 17. Nd5 c6 18.
Ne3 a5 19. Rad1 Kc7 20. Rhe1 h5 21. Nf5 f6 22. Rd6 Rdf8 23. f4 h4 24. Red1 Nc5 25. Nxh4 exf4 26. Ng6 Rxh2 27. Nxf8 Rxg2 28. Rd7+ Nxd7 29.
Rxd7+ Kc8 30. gxf4 Rxc2+ 31. Kd3 Rxa2 32. Rd6 f5 33. Ne6 Kb8 34. Rd8+ Ka7 35. c5 Bb5+ 36.
Kc3 Rf2 37. Nc7 b6 38. Rd7 bxc5 39. Nxb5+ Kb6 40. Nd6 Rf3+ 41. Kb2 Rxf4 42. Rb7+ Ka6 43. Rb8 Rb4+ 44. Rxb4 cxb4 45. Nxf5 c5 46. Nd6 a4 47.
Ka2 Kb6 48. Nc4+ Kc6 49. Kb2 Kb5 50. Nd6+ Kc6 51. Nc4 Kc7 52. Ka2 Kb7 53. Kb2 Ka6 54. Ka2 a3 55. Kb3 Kb5 56. Nd6+ Kc6 57. Nc4 Kd5 58.
Nb6+ Kd4 59. Ka2 c4 60. Na4 Kd3 61. Nc5+ Kc2 62. Ne6 Kc3 63. Nf4 Kd2 64. Nd5 b3+ 65.
Kxa3 c3 66. Nf6 c2 67. Ne4+ Ke3 0-1

[Event "*** Qualifier 2: Titled Tuesday 3|2 Blitz"]
[Site "Chess.com"]
[Date "2017.04.11"]
[Round "1"]
[White "biostatistician"]
[Black "Entilza"]
[Result "0-1"]
[WhiteElo "2432"]
[BlackElo "2189"]
[TimeControl "180+2"]
[EndTime "13:11:54 PDT"]
[Termination "Entilza won by checkmate"]

1. d4 d5 2. Nf3 e6 3. c4 Nf6 4.
Bg5 Be7 5. e3 O-O 6. Nc3 h6 7.
Bh4 Ne4 8. Bxe7 Qxe7 9. Rc1 c6 10. Bd3 Nxc3 11. Rxc3 Nd7 12. O-O dxc4 13. Bxc4 e5 14.
Qc2 Rd8 15. Rd1 exd4 16. exd4 Nb6 17. Re3 Qf6 18. Bb3 Bf5 19. Qc5 Nd5 20. Re5 Bg4 21. Bxd5 Rxd5 22. Rxd5 cxd5 23. Qxd5 Bxf3 24. Qxf3 Qxf3 25.
gxf3 Rc8 26. Rd2 Kf8 27. Kg2 Ke7 28. Kg3 Kd6 29. Kf4 Kd5 30. Ke3 Rc1 31. Kd3 g5 32.
Re2 Rd1+ 33. Kc3 Rxd4 34. Re7 Rf4 35. Re3 f5 36. Kd3 a5 37. Ke2 b5 38. Re8 a4 39.
Rb8 Kc4 40. Rf8 Kb4 41. Rf6 Rh4 42. Rxf5 Rxh2 43. f4 g4 44. Ke3 g3 45. a3+ Kc4 46.
fxg3 Rxb2 47. Rf8 Rb3+ 48. Kf2 Rxa3 49. f5 Ra2+ 50. Kf3 a3 51. Ra8 b4 52. f6 Ra1 53.
Kg2 Ra2+ 54. Kf3 Ra1 55. Kf2 Ra2+ 56. Ke3 Ra1 57. Rc8+ Kd5 58. Ke2 Ra2+ 59. Ke3 Ra1 60. Ke2 Ra2+ 61. Ke3 Ke6 62. Rc6+ Kf7 63. Kd3 Rb2 64. Ra6 a2 65. Ke4 b3 66. Kf5 Rf2+ 67. Ke5 Rf1 68. Ra7+ Kg6 69. g4 Rxf6 70. Ra3 Rb6 71.
Kf4 b2 72. Rxa2 b1=Q 73. Re2 Rf6+ 74. Ke3 Re6+ 75. Kf2 Qb6+ 76. Kf3 Qc6+ 77. Kf2 Qc5+ 78. Kf3 Qd5+ 79. Kf2 Qd4+ 80. Kf3 Qd3+ 81. Kf4 Rxe2 82. g5 Qe4+ 83. Kg3 Rg2+ 84. Kh3 Qg4# 0-1

[Event "*** Qualifier 2: Titled Tuesday 3|2 Blitz"]
[Site "Chess.com"]
[Date "2017.04.11"]
[Round "1"]
[White "wonderfultime"]
[Black "afgano29"]
[Result "1/2-1/2"]
[WhiteElo "2683"]
[BlackElo "2380"]
[TimeControl "180+2"]
[EndTime "13:13:12 PDT"]
[Termination "Game drawn by repetition"]

1. d4 Nf6 2. c4 g6 3. Nc3 d5 4. cxd5 Nxd5 5. e4 Nxc3 6. bxc3 c5 7. Bb5+ Nc6 8. d5 a6 9. Be2 Ne5 10. Be3 Qc7 11. f4 Nd7 12. Nf3 Bg7 13. e5 O-O 14. O-O b5 15. a4 Rb8 16. Ng5 Bb7 17. axb5 axb5 18. Bxb5 Bxd5 19. Qxd5 Rxb5 20. e6 Nf6 21.
exf7+ Kh8 22. Qc4 Qc6 23. Ne6 Nd5 24. Nxf8 Nxe3 25. Qe2 Nxf1 26. Qxe7 Rb8 27. Nd7 Ne3 28. Kf2 Ng4+ 29. Kg3 Ne3 30. Kf2 Qxg2+ 31. Kxe3 Qh3+ 32. Ke4 Qf5+ 33. Ke3 Qh3+ 34. Ke4 Qg2+ 35. Kd3 Qf3+ 36. Kc4 Qxc3+ 37. Kd5 Qd4+ 38. Kc6 Rc8+ 39. Kb7 Qxa1 40. Qe8+ Bf8 41. Kxc8 Qa8+ 42. Nb8 Kg7 43. h4 c4 44. f5 gxf5 45. h5 h6 46. Qe5+ Kxf7 47. Qxf5+ Ke7 48.
Qc5+ Kf7 49. Qxc4+ Kg7 50. Qd4+ Kg8 51. Qg4+ Bg7 52.
Qe6+ Kh8 53. Qe8+ Kh7 54. Kc7 Qa5+ 55. Kb7 Qb4+ 56. Kc8 Qg4+ 57. Nd7 Qc4+ 58. Kb7 Qb5+ 59. Kc7 Qc4+ 60. Kd6 Qd4+ 61. Kc6 Qc4+ 62. Nc5 Qh4 63. Ne4 Qh1 64. Kd5 Qd1+ 65. Ke6 Qb3+ 66. Ke7 Qb4+ 67. Nd6 Qh4+ 68. Kd7 Qa4+ 69. Ke7 Qh4+ 70. Ke6 Qg4+ 71. Kd5 Qd1+ 72. Kc6 Qa4+ 73. Nb5 Qa6+ 74. Kc5 Qf6 75. Qe4+ Kh8 76. Qe8+ Bf8+ 77. Kd5 Qf5+ 78. Kc6 Qf3+ 79. Kb6 Qf6+ 80. Kb7 Qf3+ 81. Kb8 Qf4+ 82. Nc7 Kh7 83. Qg6+ Kh8 84. Kc8 Qe5 85. Ne6 Qc3+ 86. Kd8 Bg7 87.
Ke7 Qa3+ 88. Ke8 Qc3 89. Nd8 Qe5+ 90. Ne6 Qb8+ 91. Kd7 Qb7+ 92. Nc7 Qb2 93. Nd5 Qb5+ 94. Ke6 Qa6+ 95. Kf7 Qb7+ 96. Ne7 Qb3+ 97. Qe6 Qf3+ 98. Nf5 Qxh5+ 99. Ke7 Qg5+ 100. Kf7 Qh5+ 101. Ke7 Qg5+ 102. Kf7 Qh5+ 1/2-1/2

[Event "*** Qualifier 2: Titled Tuesday 3|2 Blitz"]
[Site "Chess.com"]
[Date "2017.04.11"]
[Round "1"]
[White "andreimacovei2000"]
[Black "Aragon"]
[Result "0-1"]
[WhiteElo "2415"]
[BlackElo "2137"]
[TimeControl "180+2"]
[EndTime "13:13:12 PDT"]
[Termination "Aragon won by resignation"]

1. e4 e6 2. d3 c5 3. Nd2 Nc6 4. Ngf3 g6 5. g3 Bg7 6. Bg2 d6 7. O-O Nge7 8. Re1 O-O 9. a4 a5 10. Nc4 Qc7 11. Bf4 e5 12. Bd2 Be6 13. Ng5 Bc8 14. Ne3 h6 15. Nf3 Be6 16. Nh4 Rfb8 17. Nd5 Qd8 18. c3 b5 19. axb5 Rxb5 20. Qc2 Rab8 21.
Ra2 g5 22. Nf5 Nxf5 23. exf5 Bxf5 24. h3 c4 25. Be4 cxd3 26. Bxd3 Bxd3 27. Qxd3 Rxb2 28.
Rxb2 Rxb2 29. Be3 Ne7 30. Ra1 Nc6 31. Qc4 Ne7 32. Nxe7+ Qxe7 33. Rxa5 Qe6 34. Qxe6 fxe6 35. Ra6 Bf8 36. c4 Rc2 37. c5 dxc5 38. Rxe6 Bg7 39.
Rc6 c4 40. Kg2 Kf7 41. Kf3 e4+ 42. Kxe4 c3 43. Rc7+ Kg6 44. Kd3 Ra2 45. Rc6+ Kf7 46. h4 gxh4 47. gxh4 Rb2 48. h5 Ra2 49. Rc7+ Kg8 50.
Ke4 Ra5 51. Bd4 Ra4 52. Rxc3 Rxd4+ 53. Kf3 Rh4 54. Rc8+ Kh7 55. Rc5 Bf6 56. Rc7+ Kg8 57. Rc8+ Kf7 58. Rc7+ Ke6 59. Rc6+ Kf5 60. Kg3 Rh1 61. Rc5+ Ke6 62. Rc6+ Kf5 63. Rc5+ Ke4 64. Rc4+ Kd5 65. Ra4 Be5+ 66. Kg4 Rg1+ 67. Kf3 Rg5 68. Ra5+ Ke6 69. Ke4 Bd6 70. Ra8 Rxh5 71. Re8+ Be7 72. f4 Kf7 73. Ra8 Rh1 74. Kf5 Rh5+ 75. Kg4 Rb5 76.
Rh8 Kg7 77. Re8 h5+ 78. Kf3 Kf7 79. Rh8 Kg7 80. Re8 Bf6 81. Ke4 h4 82. Ra8 h3 83.
Ra3 h2 84. Rh3 Rb2 85. Kf3 Bd4 86. Kg3 Bg1 87. Kg4 Kg6 88. f5+ Kf6 89. Rh6+ Kg7 90.
Rh3 Rg2+ 91. Kf4 Ra2 92. Kg5 Bd4 93. Kg4 Be5 94. Kf3 Ra1 95. f6+ Kxf6 96. Kg2 Rg1+ 0-1

[Event "*** Qualifier 2: Titled Tuesday 3|2 Blitz"]
[Site "Chess.com"]
[Date "2017.04.11"]
[Round "2"]
[White "jlandaw"]
[Black "evgenysharapov"]
[Result "1-0"]
[WhiteElo "2401"]
[BlackElo "2278"]
[TimeControl "180+2"]
[EndTime "13:15:40 PDT"]
[Termination "jlandaw won by checkmate"]

1. e4 c5 2. Nc3 Nc6 3. g3 g6 4.
Bg2 Bg7 5. d3 e5 6. Nh3 Nge7 7. f4 d6 8. O-O O-O 9. f5 gxf5 10. exf5 Nxf5 11. Be4 Nfd4 12. Bxh7+ Kxh7 13. Qh5+ Kg8 14. Ng5 Re8 15. Qh7+ Kf8 16. Rxf7# 1-0

[Event "*** Qualifier 2: Titled Tuesday 3|2 Blitz"]
[Site "Chess.com"]
[Date "2017.04.11"]
[Round "2"]
[White "Iball95"]
[Black "ulises2013"]
[Result "1-0"]
[WhiteElo "2546"]
[BlackElo "2292"]
[TimeControl "180+2"]
[EndTime "13:15:57 PDT"]
[Termination "Iball95 won by resignation"]

1. e4 g6 2. d4 Bg7 3. Nc3 c5 4. Nf3 Qa5 5. dxc5 Bxc3+ 6. bxc3 Qxc3+ 7. Bd2 Qxc5 8. Bd3 d6 9. O-O Nf6 10. Rb1 Qc7 11. Bh6 Rg8 12. Re1 Nc6 13. Bg5 Bg4 14. h3 Bxf3 15. Qxf3 Ne5 16. Qe3 Nxd3 17. cxd3 Rc8 18.
Qxa7 1-0

[Event "*** Qualifier 2: Titled Tuesday 3|2 Blitz"]
[Site "Chess.com"]
[Date "2017.04.11"]
[Round "2"]
[White "Wolverine_master"]
[Black "chesstatour"]
[Result "1/2-1/2"]
[WhiteElo "1990"]
[BlackElo "1925"]
[TimeControl "180+2"]
[EndTime "13:16:44 PDT"]
[Termination "Game drawn by repetition"]

1. e4 c6 2. d4 d5 3. exd5 cxd5 4.
c4 Nf6 5. Nc3 Nc6 6. Bg5 Qa5 7.
Bxf6 exf6 8. cxd5 Bb4 9. dxc6 Bxc3+ 10. bxc3 Qxc3+ 11. Ke2 O-O 12. f3 Re8+ 13. Kf2 Qe3+ 14. Kg3 Qg5+ 15. Kf2 Qe3+ 16. Kg3 Qg5+ 17. Kf2 Qe3+ 18.
Kg3 1/2-1/2

[Event "*** Qualifier 2: Titled Tuesday 3|2 Blitz"]
[Site "Chess.com"]
[Date "2017.04.11"]
[Round "2"]
[White "jncool68"]
[Black "pastouche06"]
[Result "1-0"]
[WhiteElo "2507"]
[BlackElo "2290"]
[TimeControl "180+2"]
[EndTime "13:17:00 PDT"]
[Termination "jncool68 won by resignation"]

1. e4 c6 2. d4 d5 3. e5 Bf5 4. h4 h5 5. Bg5 Qb6 6. Bd3 Bxd3 7.
Qxd3 e6 8. Nd2 Qa6 9. c4 Bb4 10. b3 Ne7 11. Nf3 Nf5 12. O-O Nd7 13. Rfc1 Be7 14.
Nf1 Rd8 15. Ne3 Bxg5 16. Nxf5 exf5 17. Nxg5 g6 18. e6 fxe6 19. Nxe6 1-0

[Event "*** Qualifier 2: Titled Tuesday 3|2 Blitz"]
[Site "Chess.com"]
[Date "2017.04.11"]
[Round "2"]
[White "GM_Splinter"]
[Black "andreimacovei2000"]
[Result "1-0"]
[WhiteElo "2356"]
[BlackElo "2405"]
[TimeControl "180+2"]
[EndTime "13:17:27 PDT"]
[Termination "GM_Splinter won by resignation"]

1. e4 e5 2. Nf3 Nc6 3. Bb5 a6 4.
Ba4 Nf6 5. Qe2 b5 6. Bb3 Be7 7. O-O O-O 8. c3 d6 9. h3 Bb7 10. d4 Re8 11. dxe5 dxe5 12. Rd1 Bd6 13. Rf1 h6 14.
Re1 Qe7 15. Nbd2 Nh5 16. Nf1 Nf4 17. Bxf4 exf4 18. Bd5 Na5 19. Bxb7 Nxb7 20. e5 f6 21. Qe4 Nc5 22. Qd5+ Qf7 23. Qxf7+ Kxf7 24. exd6 cxd6 25. Rad1 Rad8 26. Rxe8 Kxe8 27. Nd4 g5 28. Nf5 d5 29. Nxh6 Na4 30. Rd2 Nc5 31. Nf5 Ne4 32. Rd1 Kf7 33. Nd2 Nc5 34. Nb3 Ne4 35. f3 Ke6 36. fxe4 1-0

[Event "*** Qualifier 2: Titled Tuesday 3|2 Blitz"]
[Site "Chess.com"]
[Date "2017.04.11"]
[Round "2"]
[White "keisyzrk"]
[Black "biostatistician"]
[Result "0-1"]
[WhiteElo "2277"]
[BlackElo "2437"]
[TimeControl "180+2"]
[EndTime "13:17:31 PDT"]
[Termination "biostatistician won by checkmate"]

1. d4 Nf6 2. c4 g6 3. Nc3 Bg7 4.
e4 d6 5. Bd3 O-O 6. Nge2 e5 7. d5 Nh5 8. O-O f5 9. f3 Na6 10. Be3 f4 11. Bd2 g5 12. a3 g4 13.
fxg4 Bxg4 14. h3 Qh4 15. hxg4 Ng3 16. Rf3 Nc5 17. Bc2 a5 18. Be1 Qh1+ 19. Kf2 Qf1# 0-1

[Event "*** Qualifier 2: Titled Tuesday 3|2 Blitz"]
[Site "Chess.com"]
[Date "2017.04.11"]
[Round "2"]
[White "kjzsdu"]
[Black "ShimanovAlex"]
[Result "0-1"]
[WhiteElo "2435"]
[BlackElo "2620"]
[TimeControl "180+2"]
[EndTime "13:18:35 PDT"]
[Termination "ShimanovAlex won by resignation"]

1. e4 c6 2. d4 d5 3. exd5 cxd5 4.
Bd3 Nc6 5. Ne2 Bg4 6. c3 Qd7 7. h3 Bf5 8. Bxf5 Qxf5 9. Qb3 Qd7 10. Nd2 e6 11. Nf3 Nf6 12. Bf4 Be7 13. O-O O-O 14.
g4 Ne4 15. Ng3 Nd6 16. Rae1 Rfe8 17. Ne5 Nxe5 18. Bxe5 Nc4 19. Bf4 b5 20. Bc1 Rac8 21. Re2 a5 22. a3 b4 23. axb4 axb4 24. f4 bxc3 25. bxc3 Bh4 26. Rf3 Bxg3 27. Rxg3 Nd6 28.
Bd2 Ne4 29. Rge3 f5 30. g5 Rb8 31. Qc2 Rec8 32. Be1 Qb5 33. Rh2 Qb1 34. Qxb1 Rxb1 35.
Rc2 Kf7 36. Kf1 Ra8 37. c4 dxc4 38. Rxc4 Nd2+ 0-1